 Dungeon Crawl Stone Soup version 0.31-a0-460-g9e667d4245 (webtiles) character file.

Game seed: 7139920944736541156

3364 Xavori the Slasher (level 10, -4/61 HPs)
             Began as a Vine Stalker Chaos Knight on Aug 4, 2023.
             Was a Plaything of Xom.
             Slain by a manticore (10 damage)
             ... on level 7 of the Dungeon.
             The game lasted 00:07:25 (13675 turns).

Xavori the Slasher (Vine Stalker Chaos Knight)     Turns: 13675, Time: 00:07:27

Health: -4/61      AC: 19    Str: 16    XL:     10   Next: 3%
Magic:  0/18       EV: 14    Int: 15    God:    Xom [......]
Gold:   1110       SH:  0    Dex: 18    Spells: 21/21 levels left

rFire   . . .        a - +0 falchion (chaos)
rCold   . . .        (no shield)
rNeg    . . .        b - +2 leather armour
rPois   .            n - +0 helmet
rElec   .            A - +0 cloak
rCorr   .            (no gloves)
SInv    +            (no boots)
Will    ++...        D - amulet of the acrobat
Stlth   +++          s - +4 ring of protection
HPRegen 1.10/turn    d - +4 ring of protection
MPRegen 0.16/turn

%: acrobat, clarity, guardian spirit
@: no status effects
A: fangs 3, regeneration 1, magic shield, antimagic bite, no potion heal 2,
talons 1, iridescent scales 2, see invisible, agile 1, clarity, clever 1, low MP
1, strong-willed 1, sense surroundings 1, robust 2
a: Renounce Religion


You were on level 7 of the Dungeon.
You worshipped Xom.
You were a very special plaything of Xom.
You visited 1 branch of the dungeon, and saw 7 of its levels.

You collected 1538 gold pieces.
You spent 428 gold pieces at shops.

Inventory:

Hand Weapons
 a - a +0 falchion of chaos (weapon)
Missiles
 e - 2 curare-tipped darts
Armour
 b - a +2 leather armour (worn)
 n - a +0 helmet (worn)
 A - a +0 cloak (worn)
Jewellery
 d - a +4 ring of protection (right hand)
 i - a ring of willpower
 r - a ring of fire
 s - a +4 ring of protection (left hand)
 D - an amulet of the acrobat (around neck)
Wands
 t - a wand of roots (7)
 B - a wand of paralysis (8)
 C - a wand of polymorph (10)
Scrolls
 c - 5 scrolls of butterflies
 h - a scroll of enchant weapon
 k - a scroll of revelation
 u - 3 scrolls of identify
 v - a scroll of enchant armour
 w - 3 scrolls of teleportation
 x - a scroll of poison
 y - a scroll of torment
 z - a scroll of fog {unknown}
Potions
 f - 3 potions of might {unknown}
 g - 5 potions of curing
 j - 2 potions of enlightenment
 l - 3 potions of brilliance
 m - a potion of haste {unknown}
 o - 2 potions of cancellation
 p - a potion of degeneration {unknown}
 q - a potion of berserk rage {unknown}


   Skills:
 + Level 5.2 Fighting
 + Level 7.9 Long Blades
 + Level 3.8 Armour
 + Level 4.2 Dodging
 + Level 4.6 Stealth
 * Level 6.0 Spellcasting
 * Level 1.4 Evocations


You had 21 spell levels left.
You didn't know any spells.
Your spell library contained the following spells:

 Spells                   Type           Power      Damage    Failure   Level
 Apportation              Tloc           8%         N/A       17%         1
 Dazzling Flash           Conj/Hex       8%         N/A       45%         3
 Passage of Golubria      Tloc           4%         N/A       86%         4
 Agony                    Necr           4%         N/A       99%         5
 Alistair's Intoxication  Tmut/Pois      2%         N/A       99%         5
 Silence                  Hex/Air        2%         N/A       99%         5
 Lehudib's Crystal Spear  Conj/Erth      2%         10d2      100%        8


Dungeon Overview and Level Annotations

Branches:
Dungeon (7/15)             Temple (0/1) D:6

Altars:
Dithmenos
Elyvilon
Trog
Xom

Shops:
D:6 ?


Innate Abilities, Weirdness & Mutations

You have razor-sharp teeth.
Your natural rate of healing is unusually fast.
When hurt, damage is shared between your health and your magic reserves.
Your bite disrupts and absorbs the magic of your enemies.
Potions cannot restore your health.
You have sharp toenails.
You are mostly covered in iridescent scales. (AC +4)
You have supernaturally acute eyesight. (SInv)
You are agile. (Dex +4, Str/Int -1)
You possess an exceptional clarity of mind.
Your mind is acute. (Int +4, Str/Dex -1)
Your magical capacity is low. (-10% MP)
You are strong-willed. (Will+)
You passively map a small area around you.
You are very robust. (+20% HP)


Message History

The manticore barely misses you.
The manticore claws you but does no damage.
The manticore closely misses you.
You closely miss the manticore. You claw the manticore.
Your bite misses the manticore.
The manticore is heavily wounded.
The manticore bites you but does no damage.
The manticore misses you. The manticore claws you!
Unknown command.
You slash the manticore! Your kick misses the manticore.
You bite the manticore. You drain its power.
You feel invigorated.
The manticore is severely wounded.
The manticore bites you but does no damage.
The manticore barely misses you.
The manticore claws you but does no damage.
The manticore bites you!!
The manticore claws you but does no damage.
The manticore completely misses you.
You barely miss the manticore.
You claw the manticore, but do no damage.
You bite the manticore. You drain its power.
You feel invigorated.
The manticore is severely wounded.
The manticore completely misses you. The manticore misses you.
The manticore claws you!
* * * LOW HITPOINT WARNING * * *
Unknown command.
You hit the manticore. You claw the manticore. You bite the manticore.
You drain its power.
You feel invigorated.
The manticore is almost dead.
The manticore closely misses you. The manticore completely misses you.
The manticore claws you.
* * * LOW HITPOINT WARNING * * *
Unknown command.
You closely miss the manticore. You bite the manticore. You drain its power.
You feel invigorated.
The manticore is almost dead.
The manticore bites you!
* * * LOW HITPOINT WARNING * * *
The manticore claws you!
You die...

, ,, * .###.###......
#.##.##.###....##
##l#.#W###......#
####.####..#....## ,
....⌠.......#...>#### *,
####.####...........##
##y#.#H###...........## *
#.##.##@###...........##
,.###.###...............#
*
.##...##................
*
.#..#..#..........).....
... ##...........).)....
* /.* ####.........))....
. #............... * *
##..............
##.............


You could see a manticore (berserk, resistant), a komodo dragon, a vampire
mosquito and a shadow.

Vanquished Creatures
  Pikel (D:5)
  Sigmund (D:6)
  A culicivora (shapeshifter) (D:7)
  A steam dragon (D:6)
  4 water moccasins
  A sky beast (D:6)
  An orc warrior (D:7)
  An ice beast (D:5)
  3 black bears
  2 ogres
  2 lemures (D:6)
  3 scorpions
  4 wights
  3 howler monkeys (D:5)
  A jelly (D:5)
  5 hounds
  4 orc priests
  4 sleepcaps
  3 iguanas
  6 orc wizards
  5 adders
  3 gnolls (D:4)
  A white imp (D:5)
  2 ufetubi (D:5)
  A worm (D:3)
  5 dart slugs
  21 orcs
  8 endoplasms
  4 giant cockroaches
  4 goblins
  11 hobgoblins
  3 jackals (D:2)
  8 quokkas
  5 ball pythons
  7 bats
  3 frilled lizards
  9 kobolds
  4 rats (D:1)
155 creatures vanquished.

Vanquished Creatures (collateral kills)
  An iguana (D:4)
1 creature vanquished.

Grand Total: 156 creatures vanquished

Notes
Turn   | Place    | Note
-------+----------+-------------------------------------------
     0 | D:1      | Xavori the Vine Stalker Chaos Knight began the quest for
                  | the Orb.
     0 | D:1      | Reached XP level 1. HP: 11/11 MP: 2/2
     8 | D:1      | XOM: silly message
    38 | D:1      | XOM: silly message
   106 | D:1      | XOM: silly message
   114 | D:1      | Reached XP level 2. HP: 16/16 MP: 3/3
   131 | D:1      | Reached skill level 3 in Long Blades
   429 | D:1      | Reached XP level 3. HP: 20/20 MP: 4/4
  1158 | D:1      | XOM: noise
  1227 | D:1      | XOM: scenery: create altars
  1530 | D:1      | XOM: god gift: 13 gold pieces
  2512 | D:1      | XOM: give mutation
  2512 | D:1      | Gained mutation: You are partially covered in iridescent
                  | scales. (AC +2) [Xom's mischief]
  2742 | D:1      | XOM: noise
  2863 | D:1      | XOM: summons 1 hostile demon
  3107 | D:1      | XOM: draining
  3416 | D:1      | XOM: noise
  4093 | D:1      | XOM is BORED!
  4267 | D:1      | XOM: give mutations
  4267 | D:1      | Gained mutation: You have hidden genetic potential. [Xom's
                  | mischief]
  4267 | D:1      | Gained mutation: You are mostly covered in iridescent
                  | scales. (AC +4) [Xom's mischief]
  4416 | D:1      | XOM: summons 1 hostile demon
  4727 | D:1      | XOM: give mutation
  4727 | D:1      | Gained mutation: You are strong-willed. (Will+) [Xom's
                  | mischief]
  5458 | D:1      | XOM: give mutations
  5458 | D:1      | Lost mutation: You are strong-willed. (Will+) [Xom's
                  | mischief]
  5458 | D:1      | Lost mutation: You have hidden genetic potential. [Xom's
                  | mischief]
  5594 | D:1      | XOM: summons 2 hostile demons
  5606 | D:2      | XOM: 6-stop teleportation journey
  5898 | D:2      | XOM: 3-stop teleportation journey
  6104 | D:1      | XOM: give mutations
  6104 | D:1      | Lost mutation: You are mostly covered in iridescent scales.
                  | (AC +4) [Xom's mischief]
  6104 | D:1      | Gained mutation: Your magical capacity is low. (-10% MP)
                  | [Xom's mischief]
  6104 | D:1      | Gained mutation: You do not regenerate when monsters are
                  | visible. [Xom's mischief]
  6577 | D:1      | XOM: give mutations
  6577 | D:1      | Gained mutation: You are robust. (+10% HP) [Xom's mischief]
  6577 | D:1      | Gained mutation: You are mostly covered in iridescent
                  | scales. (AC +4) [Xom's mischief]
  6577 | D:1      | Gained mutation: You are somewhat resistant to further
                  | mutation. [Xom's mischief]
  6577 | D:1      | Gained mutation: You possess an exceptional clarity of
                  | mind. [Xom's mischief]
  6927 | D:1      | XOM: silly message
  7588 | D:1      | XOM: summons 1 hostile shadow creature
  7607 | D:2      | XOM is BORED!
  7730 | D:1      | XOM: stat loss: -1 Str (15/16)
  7757 | D:1      | XOM: god gift: 891 gold pieces
  7961 | D:1      | XOM: scenery: create altars
  7986 | D:1      | XOM: cloud trail
  8794 | D:1      | XOM: cloud trail
  9353 | D:1      | XOM: give mutations
  9353 | D:1      | Gained mutation: You are somewhat resistant to both further
                  | mutation and mutation removal. [Xom's grace]
  9353 | D:1      | Gained mutation: You are strong-willed. (Will+) [Xom's
                  | grace]
  9353 | D:1      | Lost mutation: You are somewhat resistant to both further
                  | mutation and mutation removal. [Xom's grace]
  9353 | D:1      | Lost mutation: You are somewhat resistant to further
                  | mutation. [Xom's grace]
  9353 | D:1      | Gained mutation: You have hidden genetic potential. [Xom's
                  | grace]
  9544 | D:1      | XOM: god gift: book of the Senses
  9936 | D:2      | XOM: 8-stop teleportation journey
 10163 | D:3      | Lost mutation: You do not regenerate when monsters are
                  | visible. [Vine Stalker growth]
 10163 | D:3      | Gained mutation: Your natural rate of healing is unusually
                  | fast. [Vine Stalker growth]
 10163 | D:3      | Reached XP level 4. HP: 26/26 MP: 3/5
 10192 | D:3      | XOM: scenery: 1 doors open
 10217 | D:3      | Reached skill level 1 in Spellcasting
 10224 | D:3      | Reached skill level 1 in Dodging
 10269 | D:3      | XOM: 7-stop teleportation journey
 10404 | D:3      | Reached skill level 1 in Stealth
 10846 | D:4      | XOM: butterfly on damage
 10852 | D:4      | XOM: fog
 10857 | D:4      | Reached XP level 5. HP: 27/30 MP: 7/7
 10868 | D:4      | Gained mutation: You have supernaturally acute eyesight.
                  | (SInv) [hidden potential]
 10870 | D:4      | XOM: summons friendly white imp
 10888 | D:4      | Reached skill level 4 in Long Blades
 10896 | D:4      | Reached XP level 6. HP: 35/35 MP: 9/9
 11025 | D:4      | Identified the +1 robe "Bireinin" {rElec}
 11135 | D:4      | XOM: confuse monster(s)
 11143 | D:4      | XOM: 5-stop teleportation journey
 11195 | D:4      | Gained mutation: Your mind is acute. (Int +4, Str/Dex -1)
                  | [hidden potential]
 11195 | D:4      | Lost mutation: You have hidden genetic potential. [hidden
                  | potential expressed]
 11360 | D:4      | XOM: give mutations
 11360 | D:4      | Gained mutation: You have sharp toenails. [Xom's grace]
 11360 | D:4      | Gained mutation: You passively map a small area around you.
                  | [Xom's grace]
 11360 | D:4      | Gained mutation: You are agile. (Dex +4, Str/Int -1) [Xom's
                  | grace]
 11583 | D:5      | Entered Level 5 of the Dungeon
 11624 | D:5      | XOM: chaos cloud
 11628 | D:5      | Paralysed by you for 5 turns
 11631 | D:5      | Noticed an ice beast
 11635 | D:5      | XOM: summons 2 hostile shadow creatures
 11640 | D:5      | Noticed a black bear
 11640 | D:5      | XOM: 3-stop teleportation journey
 11646 | D:5      | Killed a black bear
 11647 | D:5      | Reached XP level 7. HP: 39/39 MP: 9/10
 11684 | D:5      | XOM: cleaving
 11712 | D:5      | XOM: 1-stop teleportation journey
 11718 | D:5      | XOM: 7-stop teleportation journey
 11883 | D:5      | XOM: scenery: 1 doors open
 11948 | D:5      | XOM: noise
 11956 | D:5      | Reached skill level 5 in Long Blades
 11990 | D:5      | XOM: swap monsters
 11995 | D:5      | Gained mutation: You have razor-sharp teeth. [Vine Stalker
                  | growth]
 11995 | D:5      | Reached XP level 8. HP: 39/46 MP: 11/13
 12059 | D:5      | XOM: silly message
 12102 | D:5      | XOM: draining
 12324 | D:6      | Noticed Sigmund
 12324 | D:6      | Found Huhi's Magic Scroll Boutique.
 12336 | D:6      | Killed Sigmund
 12337 | D:6      | Reached skill level 6 in Long Blades
 12337 | D:6      | XOM: blink monster(s)
 12363 | D:6      | Bought a scroll of identify for 26 gold pieces
 12363 | D:6      | Bought a scroll of enchant armour for 97 gold pieces
 12363 | D:6      | Bought a scroll of teleportation for 39 gold pieces
 12363 | D:6      | Bought a scroll of teleportation for 39 gold pieces
 12363 | D:6      | Bought a scroll of poison for 52 gold pieces
 12363 | D:6      | Bought a scroll of torment for 123 gold pieces
 12363 | D:6      | Bought a scroll of identify for 26 gold pieces
 12363 | D:6      | Bought a scroll of identify for 26 gold pieces
 12371 | D:6      | Noticed Pikel
 12384 | D:6      | XOM: potion effect (attraction)
 12416 | D:5      | XOM: divination: detect items
 12429 | D:5      | Killed Pikel
 12430 | D:5      | Reached XP level 9. HP: 50/50 MP: 15/15
 12438 | D:6      | Reached skill level 5 in Spellcasting
 12506 | D:6      | Reached skill level 7 in Long Blades
 12699 | D:6      | Reached skill level 5 in Fighting
 12733 | D:6      | Found a shadowy altar of Dithmenos.
 12744 | D:6      | Found a white marble altar of Elyvilon.
 12747 | D:6      | Found a bloodstained altar of Trog.
 12931 | D:6      | Found a shimmering altar of Xom.
 12991 | D:6      | Found a staircase to the Ecumenical Temple.
 13138 | D:6      | XOM: give mutation
 13138 | D:6      | Gained mutation: You are very robust. (+20% HP) [Xom's
                  | grace]
 13463 | D:7      | Reached skill level 1 in Evocations
 13610 | D:7      | XOM: cleaving
 13619 | D:7      | an orc priest changed into a glowing shapeshifter
 13619 | D:7      | Noticed a glowing shapeshifter (glowing shapeshifter)
 13619 | D:7      | a glowing shapeshifter changed into a floating eye
 13621 | D:7      | a floating eye changed into a death drake
 13621 | D:7      | Noticed a death drake (glowing shapeshifter)
 13622 | D:7      | a death drake changed into a culicivora
 13632 | D:7      | Reached XP level 10. HP: 49/61 MP: 18/18
 13651 | D:7      | Noticed a manticore
 13675 | D:7      | Slain by a manticore

Illustrated notes

Levels and vault maps discovered:
D:1:      dpeg_arrival_tiny_g, layout_loops_ring
D:2:      layout_basic
D:3:      layout_basic
D:4:      layout_loops_ring, hangedman_decor_lopped, corexii_checkpoint_a
D:5:      minmay_polygon_palace, layout_basic
D:6:      layout_basic, minmay_overflow_temple_star_quad, lemuel_tele_altar,
          minmay_temple_entry_ruins, serial_shops, nicolae_square_shop,
          chequers_serial_rivers_small_b, minmay_between, uniq_pikel,
          uniq_sigmund
D:7:      layout_cave_pods, nicolae_sif_muna_condensation, kb_rosetta

Skill      XL: |  1  2  3  4  5  6  7  8  9 |
---------------+----------------------------+-----
Long Blades    | 3 4 5 6 7 |  7.9
Fighting       | 3 4 5 |  5.2
Spellcasting   | 1 2 3 4 6 |  6.0
Dodging        | 1 2 3 4 |  4.2
Armour         | 2 3 |  3.8
Stealth        | 1 2 3 4 |  4.6
Evocations     | 1 |  1.4

Action                     |  1- 3 |  4- 6 |  7- 9 | 10-12 || total
---------------------------+-------+-------+-------+-------++-------
  Melee: Falchion          |   109 |   160 |   279 |    10 ||   558
         Bite              |    21 |    45 |   101 |     8 ||   175
         Punch             |     1 |     1 |     6 |       ||     8
         Kick              |       |     4 |    90 |     6 ||   100
  Evoke: Wand              |       |       |     2 |       ||     2
    Use: Scroll            |     2 |     7 |     2 |       ||    11
   Stab: Sleeping          |     1 |     3 |     5 |     1 ||    10
         Paralysed         |       |     1 |     5 |       ||     6
         Distracted        |       |       |     1 |       ||     1
         Confused          |       |       |     2 |       ||     2
 Armour: Leather armour    |    62 |    88 |   139 |    12 ||   301
  Dodge: Dodged            |    79 |   103 |   189 |    14 ||   385

Table legend: (Time is in decaauts)
 A = Elapsed time spent in this place.
 B = Non-inter-level travel time spent in this place.
 C = Inter-level travel time spent in this place.
 D = Time resting spent in this place.
 E = Time spent auto-exploring this place.
 F = Levels seen in this place.
 G = Mean time per level.
                   A        B        C        D        E       F      G
               +--------+--------+--------+--------+--------+-----+--------+
         Total |  13695 |  13493 |    202 |   8461 |   3819 |   7 | 1956.4 |
       Dungeon |  13695 |  13493 |    202 |   8461 |   3819 |   7 | 1956.4 |
               +--------+--------+--------+--------+--------+-----+--------+

Top non-repeatable levels by time:
     D:1: 8707 daAuts
     D:2: 1291 daAuts
     D:6: 1050 daAuts
     D:3: 848 daAuts
     D:4: 783 daAuts
     D:5: 761 daAuts
     D:7: 253 daAuts
